 Dungeon Crawl Stone Soup version 0.31-a0-844-gdc52ec4e09 (webtiles) character file.

Game seed: 9227102682890358336

403 Fodor the Covered (level 6, -2/55 HPs)
             Began as a Minotaur Fighter on Sept 30, 2023.
             Slain by a two-headed ogre
             ... wielding a +0 giant spiked club
              (7 damage)
             ... on level 5 of the Dungeon on Oct 1, 2023.
             The game lasted 00:24:04 (2756 turns).

Fodor the Covered (Minotaur Fighter)                Turns: 2756, Time: 00:24:05

Health: -2/55      AC: 12    Str: 23    XL:     6   Next: 55%
Magic:  5/5        EV:  6    Int:  5    God:
Gold:   241        SH:  4    Dex:  9    Spells: 5/5 levels left

rFire   . . .        l - +0 war axe (elec)
rCold   . . .        c - +0 buckler
rNeg    . . .        z - +0 plate armour
rPois   .            (helmet restricted)
rElec   .            (no cloak)
rCorr   .            (no gloves)
SInv    .            (no boots)
Will    .....        (no amulet) Stlth
                     (no ring)
HPRegen 0.29/turn    (no ring)
MPRegen 0.09/turn

%: no passive effects
@: no status effects
A: horns 2, retaliatory headbutt
a: no special abilities


You were on level 5 of the Dungeon.
You visited 1 branch of the dungeon, and saw 5 of its levels.

You collected 241 gold pieces.

Inventory:

Hand Weapons
 l - a +0 war axe of electrocution (weapon)
Missiles
 r - 4 boomerangs (quivered)
 x - 2 poisoned darts
Armour
 c - a +0 buckler (worn)
 z - a +0 plate armour (worn)
Talismans
 w - a maw talisman
Wands
 s - a wand of polymorph (9)
Scrolls
 a - a scroll of torment
 f - 3 scrolls of noise
 g - 2 scrolls of amnesia
 h - 2 scrolls of blinking
 j - a scroll of enchant weapon
 m - a scroll of butterflies
 o - a scroll of revelation
 u - a scroll of teleportation {unknown}
 v - a scroll of fear
 y - a scroll of identify
Potions
 d - a potion of might
 e - 4 potions of curing
 i - a potion of lignification
 k - a potion of degeneration {unknown}
 n - a potion of attraction {unknown}
 p - a potion of invisibility {unknown}
 q - a potion of mutation
 t - 2 potions of cancellation


   Skills:
 + Level 4.8 Fighting
 + Level 3.0 Long Blades
 + Level 4.1 Axes
 + Level 1.4 Throwing
 + Level 5.4 Armour
 + Level 1.3 Dodging
 + Level 4.7 Shields


You had 5 spell levels left.
You didn't know any spells.
Your spell library contained the following spells:

 Spells                   Type           Power      Damage    Failure   Level
 Lesser Beckoning         Tloc           0%         N/A       100%        2
 Sublimation of Blood     Necr           0%         N/A       100%        2
 Gell's Gravitas          Tloc           0%         N/A       100%        3
 Ozocubu's Armour         Ice            0%         N/A       100%        3
 Teleport Other           Tloc           0%         N/A       100%        3
 Petrify                  Tmut/Erth      0%         N/A       100%        4
 Irradiate                Conj/Tmut      0%         3d11      100%        5
 Ozocubu's Refrigeration  Ice            0%         4d7       100%        7


Dungeon Overview and Level Annotations

Branches:
Dungeon (5/15)
 Temple: D:4-7

Altars:
Hepliaklqana
Nemelex Xobeh
Sif Muna
Trog
Wu Jian

Shops:
D:1 :??   D:4 [


Innate Abilities, Weirdness & Mutations

You have a pair of horns on your head.
You reflexively headbutt those who attack you in melee.


Message History

There is an open door here.
A two-headed ogre comes into view.
It is wielding a +0 giant spiked club and a +0 giant club.
The howler monkey hits you but does no damage.
You closely miss the howler monkey. You headbutt the howler monkey.
The howler monkey is moderately wounded.
The howler monkey hits you but does no damage.
The howler monkey hoots and howls with incredible vigour!
You hear a shout!
You hit the howler monkey but do no damage.
Lightning courses through the howler monkey!
You headbutt the howler monkey, but do no damage.
The howler monkey is almost dead.
The howler monkey hits you but does no damage.
You closely miss the howler monkey.
The howler monkey is almost dead.
The howler monkey hoots and howls with incredible vigour!
The howler monkey barely misses you.
You slash the howler monkey!
Lightning courses through the howler monkey!
You kill the howler monkey!
The two-headed ogre hits you with a +0 giant spiked club.
The two-headed ogre barely misses you.
You slash the two-headed ogre!
The two-headed ogre is lightly wounded.
The two-headed ogre hits you with a +0 giant spiked club!!
The two-headed ogre hits you with a +0 giant club!!
* * * LOW HITPOINT WARNING * * *
You slash the two-headed ogre!
The two-headed ogre is moderately wounded.
The two-headed ogre hits you but does no damage.
The two-headed ogre hits you with a +0 giant club.
* * * LOW HITPOINT WARNING * * *
You hit the two-headed ogre but do no damage.
Lightning courses through the two-headed ogre!
The two-headed ogre is severely wounded.
The two-headed ogre closely misses you. The two-headed ogre barely misses you.
You slash the two-headed ogre!
The two-headed ogre is almost dead.
The two-headed ogre hits you with a +0 giant spiked club!
You die...

#.... ########## #....
.........# #....
.[.......# #....
.........# #####....
.........# #........
.........########..[.....
.......O.'.†....>........
........@#######.........
.######'## #......... #'
#......### .. #......#
... #......# ....
#......# ..... #......###
...... ###.........
+...).......


You could see a two-headed ogre.

Vanquished Creatures
  3 howler monkeys
  2 hounds (D:5)
  3 orc wizards
  Ijyb (D:3)
  3 adders
  An ufetubus (D:4)
  2 worms (D:2)
  A dart slug (D:5)
  8 orcs
  9 endoplasms
  4 giant cockroaches
  8 goblins
  10 hobgoblins
  3 jackals (D:2)
  2 kobolds (D:2)
  4 quokkas
  3 ball pythons
  7 bats
  A frilled lizard (D:1)
  4 rats
  A spectral goblin (D:5)
80 creatures vanquished.

Notes
Turn   | Place    | Note
-------+----------+-------------------------------------------
     0 | D:1      | Fodor the Minotaur Fighter began the quest for the Orb.
     0 | D:1      | Reached XP level 1. HP: 19/19 MP: 0/0
   225 | D:1      | Reached XP level 2. HP: 25/27 MP: 1/1
   374 | D:1      | Found Xeclulaz's Book Shoppe.
   491 | D:1      | Found Qeg Jyps's Magic Scroll Emporium.
   618 | D:1      | Found Adurauh's Magic Scroll Shop.
   716 | D:2      | Reached skill level 4 in Armour
   722 | D:2      | Reached XP level 3. HP: 33/33 MP: 2/2
   862 | D:2      | Reached skill level 1 in Axes
   907 | D:2      | Found a faded altar of an unknown god.
  1374 | D:3      | Noticed Ijyb
  1398 | D:3      | Killed Ijyb
  1399 | D:3      | Reached XP level 4. HP: 36/40 MP: 3/3
  1466 | D:3      | Found a sparkling altar of Nemelex Xobeh.
  1466 | D:3      | Found a bloodstained altar of Trog.
  1467 | D:3      | Found a shimmering blue altar of Sif Muna.
  1481 | D:3      | Found an ornate altar of the Wu Jian Council.
  1694 | D:4      | Reached skill level 1 in Dodging
  1699 | D:4      | Reached XP level 5. HP: 32/46 MP: 4/4
  1795 | D:4      | Reached skill level 1 in Throwing
  1978 | D:4      | Found Gelepn's Antique Armour Shoppe.
  2294 | D:5      | Entered Level 5 of the Dungeon
  2364 | D:5      | Reached skill level 5 in Armour
  2402 | D:5      | Reached XP level 6. HP: 46/53 MP: 5/5
  2688 | D:5      | Found a hazy altar of Hepliaklqana.
  2747 | D:5      | Noticed a two-headed ogre
  2756 | D:5      | Slain by a two-headed ogre

Illustrated notes

Levels and vault maps discovered:
D:1:      scummos_arrival_simple_crosswalls, layout_loops_cross, serial_shops,
          nicolae_shop_rolling_square, shop, nicolae_lakefront_shop
D:2:      layout_rooms, shapermc_ecumenical_altar_mp_ritualfount
D:3:      layout_rooms, nicolae_overflow_quartered_altars, uniq_ijyb
D:4:      layout_rooms, serial_shops, nicolae_shop_hallway_stairs
D:5:      layout_basic, nicolae_hepliaklqana_monster_ancestors,
          uniq_crazy_yiuf_cottage

Skill      XL: |  1  2  3  4  5  6 |
---------------+-------------------+-----
Shields        | 4 |  4.7
Armour         | 4 5 |  5.4
Fighting       | 4 |  4.8
Long Blades    | 3 |  3.0
Axes           | 1 2 3 4 |  4.1
Dodging        | 1 |  1.3
Throwing       | 1 |  1.4

Action                     |  1- 3 |  4- 6 || total
---------------------------+-------+-------++-------
  Melee: Long sword        |    23 |       ||    23
         Headbutt          |    12 |     6 ||    18
         War axe           |    71 |    76 ||   147
  Throw: Boomerang         |    20 |     3 ||    23
    Use: Scroll            |    10 |     2 ||    12
 Armour: Scale mail        |    76 |    46 ||   122
         Skin              |    20 |       ||    20
         Plate armour      |       |    23 ||    23
  Dodge: Dodged            |    65 |    47 ||   112
  Block: Buckler           |    36 |    19 ||    55

Table legend: (Time is in decaauts)
 A = Elapsed time spent in this place.
 B = Non-inter-level travel time spent in this place.
 C = Inter-level travel time spent in this place.
 D = Time resting spent in this place.
 E = Time spent auto-exploring this place.
 F = Levels seen in this place.
 G = Mean time per level.
                   A        B        C        D        E       F      G
               +--------+--------+--------+--------+--------+-----+--------+
         Total |   2834 |   2718 |    116 |      0 |      0 |   5 |  566.8 |
       Dungeon |   2834 |   2718 |    116 |      0 |      0 |   5 |  566.8 |
               +--------+--------+--------+--------+--------+-----+--------+

Top non-repeatable levels by time:
     D:1: 729 daAuts
     D:4: 649 daAuts
     D:2: 528 daAuts
     D:5: 472 daAuts
     D:3: 454 daAuts
